 Dungeon Crawl Stone Soup version 0.30-a0-723-gc1506a1cf0 (webtiles) character file.

Game seed: 4747960362220789687

3058 browni3141 the Fighter (level 9, -3/132 (147) HPs)
             Began as a Troll Berserker on Jan 28, 2023.
             Was an Elder of Trog.
             Slain by a wight
             ... wielding a +0 halberd
              (11 damage)
             ... on level 7 of the Dungeon.
             The game lasted 00:06:39 (4750 turns).

browni3141 the Fighter (Troll Berserker)            Turns: 4750, Time: 00:06:40

HP:   -3/132 (147)  AC:  6    Str: 31    XL:     9   Next: 57%
MP:   8/8           EV: 10    Int:  3    God:    Trog [****..]
Gold: 380           SH:  0    Dex:  9    Spells: 8/8 levels left

rFire   . . .      SeeInvis .      - Unarmed
rCold   . . .      Faith    .    (no shield)
rNeg    . . .      Spirit   .    n - +1 robe {Will+}
rPois   .          Reflect  .    (helmet restricted)
rElec   .          Harm     .    l - +0 cloak
rCorr   .          Rampage  .    (gloves unavailable)
Will    +....                    (boots unavailable) Stlth
                                 (no amulet)
HPRegen 1.22/turn                (no ring)
MPRegen 0.11/turn                (no ring)

@: berserking, heavily drained, very quick
A: large, unfitting armour, claws 3, regeneration 1, shaggy fur 1, tough skin 1
a: Renounce Religion, Berserk, Trog's Hand, Brothers in Arms


You were on level 7 of the Dungeon.
You worshipped Trog.
Trog was greatly pleased with you.
You visited 2 branches of the dungeon, and saw 8 of its levels.

You collected 380 gold pieces.

Inventory:

Missiles
 c - 8 boomerangs (quivered)
 i - 3 javelins
 o - 2 poisoned darts
Armour
 a - a +0 animal skin
 l - a +0 cloak (worn)
 n - a +1 robe of willpower (worn)
Jewellery
 q - an amulet of regeneration
Wands
 d - a wand of flame (55)
 r - a wand of iceblast (4)
Potions
 b - 2 potions of might {unknown}
 e - 6 potions of haste {unknown}
 f - 2 potions of heal wounds {unknown}
 g - 4 potions of lignification {unknown}
 h - a potion of brilliance {unknown}
 j - a potion of flight {unknown}
 k - 2 potions of degeneration {unknown}
 m - a potion of invisibility {unknown}
 p - a potion of curing {unknown}


   Skills:
 * Level 9.2 Fighting
 - Level 2.4 Dodging
 - Level 2.0 Stealth
 + Level 8.2 Unarmed Combat


You had 8 spell levels left.
You didn't know any spells.
Your spell library was empty.

Dungeon Overview and Level Annotations

Branches:
Dungeon (7/15)             Temple (1/1) D:5

Altars:
Cheibriados
Dithmenos
Elyvilon
Gozag
Ru
Trog
Uskayaw
Xom

Shops:
D:1 =   D:6 [


Innate Abilities, Weirdness & Mutations

You are too large for most types of armour.
You have claws for hands.
Your natural rate of healing is unusually fast.
You are covered in fur. (AC +1)
You have tough skin. (AC +1)


Message History

A red film seems to cover your vision as you go berserk!
You feel yourself moving faster!
You feel mighty!
The wight hits you from afar with a +0 halberd.
You feel drained.
The wight hits you with a +3 long sword.
You feel drained.
You feel a strong urge to attack something.
Something hits you! The wight completely misses you.
The wight hits you with a +3 long sword.
The wight closely misses you.
Things that are here:
a +0 scimitar; a +0 robe You claw the wight!
The wight is severely damaged.
Something hits you.
You mangle the wight!!
You destroy the wight!
Trog accepts your kill. The wight hits you with a +0 halberd!
The wight barely misses you. Something hits you.
* * * LOW HITPOINT WARNING * * *
You mangle the wight!!
You destroy the wight!
Trog accepts your kill. Something hits you.
* * * LOW HITPOINT WARNING * * *
The wight hits you with a +0 halberd!
* * * LOW HITPOINT WARNING * * *
You feel drained.
* * * LOW HITPOINT WARNING * * *
You claw the wight!
The wight is heavily damaged.
Something hits you.
* * * LOW HITPOINT WARNING * * *
You closely miss the wight.
The wight is heavily damaged.
Something hits you.
* * * LOW HITPOINT WARNING * * *
The wight hits you with a +0 halberd!
You die...

###### #....#
##....######
..###...).......
......z@<.#
.......)..#
..........#
####..#####
!?$#.. ?)!#..
$?[#. ####. ...?


You could see a wight.

Vanquished Creatures
  Prince Ribbit (D:6)
  Sigmund (D:5)
  Eustachio (D:4)
  A steam dragon (D:6)
  Edmund (D:5)
  Duvessa (D:6)
  An orc warrior (D:6)
  2 ice beasts (D:6)
  2 ogres
  2 phantoms (D:6)
  A kobold brigand (D:6)
  Blork the orc (D:4)
  2 scorpions
  3 wights (D:7)
  Dowan (D:6)
  A killer bee (D:6)
  A howler monkey (D:6)
  2 electric eels (D:6)
  4 crimson imps (D:3)
  A jelly (D:6)
  5 orc priests
  5 hounds
  A gnoll bouda (D:5)
  2 iguanas
  4 orc wizards
  Robin (D:2)
  11 gnolls
  8 adders
  A white imp (D:5)
  An ufetubus (D:5)
  A worm (D:2)
  4 dart slugs
  26 orcs
  7 endoplasms
  6 giant cockroaches
  14 goblins
  10 hobgoblins
  8 jackals
  15 kobolds
  2 quokkas
  6 ball pythons
  3 bats
  3 frilled lizards
  8 rats
182 creatures vanquished.

Vanquished Creatures (others)
  51 plants
51 creatures vanquished.

Grand Total: 233 creatures vanquished

Notes
Turn   | Place    | Note
-------+----------+-------------------------------------------
     0 | D:1      | browni3141 the Troll Berserker began the quest for the Orb.
     0 | D:1      | Reached XP level 1. HP: 22/22 MP: 0/0
    88 | D:1      | Found Erghyaxtu's Jewellery Shop.
   192 | D:1      | Reached XP level 2. HP: 29/29 MP: 1/1
   323 | D:1      | Reached skill level 3 in Fighting
   326 | D:1      | Reached XP level 3. HP: 37/37 MP: 2/2
   355 | D:1      | Reached ** piety under Trog
   839 | D:2      | Reached XP level 4. HP: 45/45 MP: 3/3
   895 | D:1      | Reached skill level 1 in Stealth
  1009 | D:2      | Identified the +1 dagger "Wimyip" {freeze, Fragile +Blink
                  | rN+++ MP-9}
  1171 | D:2      | Noticed Robin
  1201 | D:2      | Killed Robin
  1202 | D:2      | Reached XP level 5. HP: 53/54 MP: 4/4
  1311 | D:2      | Reached *** piety under Trog
  1496 | D:3      | Reached skill level 4 in Fighting
  1761 | D:3      | Found a shimmering altar of Xom.
  1773 | D:3      | Reached XP level 6. HP: 62/62 MP: 5/5
  1891 | D:3      | Found an opulent altar of Gozag.
  2395 | D:4      | Noticed Blork the orc
  2405 | D:4      | Killed Blork the orc
  2519 | D:4      | Noticed Eustachio
  2530 | D:4      | Killed Eustachio
  2531 | D:4      | Reached skill level 5 in Fighting
  2531 | D:4      | Reached skill level 5 in Unarmed Combat
  2531 | D:4      | Reached XP level 7. HP: 62/72 MP: 6/6
  3131 | D:5      | Entered Level 5 of the Dungeon
  3304 | D:5      | Noticed Edmund
  3311 | D:5      | Killed Edmund
  3312 | D:5      | Reached skill level 6 in Fighting
  3358 | D:5      | Found a staircase to the Ecumenical Temple.
  3369 | D:5      | Reached XP level 8. HP: 75/83 MP: 7/7
  3401 | D:5      | Reached **** piety under Trog
  3645 | D:5      | Noticed Sigmund
  3651 | D:5      | Killed Sigmund
  3652 | D:5      | Reached skill level 7 in Fighting
  3652 | D:5      | Found a white marble altar of Elyvilon.
  3701 | D:5      | Found a hide-covered altar of Uskayaw.
  3932 | Temple   | Entered the Ecumenical Temple
  3991 | D:6      | Found Feijaubb's Antique Armour Shoppe.
  4166 | D:6      | Noticed Prince Ribbit
  4177 | D:6      | Killed Prince Ribbit
  4178 | D:6      | Reached skill level 8 in Fighting
  4178 | D:6      | Reached XP level 9. HP: 96/96 MP: 8/8
  4488 | D:6      | Noticed Dowan
  4498 | D:6      | Killed Dowan
  4615 | D:6      | Noticed Duvessa
  4627 | D:6      | Killed Duvessa
  4628 | D:6      | Reached skill level 9 in Fighting
  4630 | D:6      | Found the +7 staff of the Meek {protect, meekguard}
  4750 | D:7      | Slain by a wight

Illustrated notes

Levels and vault maps discovered:
D:1:      minmay_arrival_widening_spiral_wide, layout_basic, serial_shops,
          nicolae_lakefront_shop, eino_curves_01, minmay_misc_feat_room
D:2:      layout_rooms, minmay_close_crescents, uniq_robin
D:3:      layout_loops_ring, lemuel_tele_altar, led_xom_imps,
          amcnicky_mini_corridor_feature, serial_bayou_lake_a
D:4:      layout_gridville, uniq_eustachio, uniq_blork_the_orc
D:5:      layout_cave_pools, mainiacjoe_overflow_two_lobes,
          minmay_temple_entry_gardened_gates, dreamdust_mushroom_princess,
          corexii_corridor_pit, minmay_crystal_water, uniq_sigmund, uniq_edmund
D:6:      layout_basic, serial_shops, shop, serial_bayou_lagoon_a,
          pf_guarded_unrand_meek, uniq_duvessa, uniq_prince_ribbit1
D:7:      kennysheep_steamy, layout_rooms, nicolae_yredelemnul_corpse_copse,
          due_unseen_surprise
Temple:   hellmonk_temple_rainy

Skill      XL: |  1  2  3  4  5  6  7  8  9 |
---------------+----------------------------+-----
Fighting       | 3 4 5 6 8 9 |  9.2
Stealth        | 1 2 |  2.0
Unarmed Combat | 4 5 7 8 |  8.2
Dodging        | |  2.4

Action                     |  1- 3 |  4- 6 |  7- 9 || total
---------------------------+-------+-------+-------++-------
  Melee: Unarmed           |    81 |   138 |   231 ||   450
         Punch             |       |     3 |     6 ||     9
  Throw: Boomerang         |       |     7 |     1 ||     8
 Invoke: Berserk           |     1 |     5 |     7 ||    13
         Trog's Hand       |       |       |     2 ||     2
   Stab: Sleeping          |     1 |     1 |       ||     2
 Armour: Animal skin       |    33 |    28 |    41 ||   102
         Robe              |       |       |    22 ||    22
  Dodge: Dodged            |    51 |    43 |   107 ||   201

Table legend: (Time is in decaauts)
 A = Elapsed time spent in this place.
 B = Non-inter-level travel time spent in this place.
 C = Inter-level travel time spent in this place.
 D = Time resting spent in this place.
 E = Time spent auto-exploring this place.
 F = Levels seen in this place.
 G = Mean time per level.
                   A        B        C        D        E       F      G
               +--------+--------+--------+--------+--------+-----+--------+
         Total |   4810 |   4578 |    232 |    354 |   3176 |   8 |  601.2 |
       Dungeon |   4808 |   4576 |    232 |    354 |   3176 |   7 |  686.9 |
        Temple |      1 |      1 |      0 |      0 |      0 |   1 |    1.0 |
               +--------+--------+--------+--------+--------+-----+--------+

Top non-repeatable levels by time:
     D:4: 913 daAuts
     D:5: 837 daAuts
     D:3: 806 daAuts
     D:1: 788 daAuts
     D:6: 786 daAuts
     D:2: 659 daAuts
     D:7: 16 daAuts
  Temple: 1 daAuts
